 Dungeon Crawl Stone Soup version 0.17-a0-1562-g9b2c768 (webtiles) character file.

385 mrath the Charmwright (level 6, 0/47 HPs)
             Began as a Merfolk Skald on July 20, 2015.
             Slain by a scorpion (2 damage)
             ... on level 4 of the Dungeon.
             The game lasted 00:57:49 (6437 turns).

mrath the Charmwright (Merfolk Skald)               Turns: 6437, Time: 00:57:49

Health: 0/47       AC:  7    Str: 12    XL:     6   Next: 77%
Magic:  10/10      EV: 18    Int: 12    God:
Gold:   283        SH:  0    Dex: 17    Spells: 4 memorised, 3 levels left

rFire  + + +     SeeInvis .     a - +0 spear
rCold  . . .     Clarity  .     b - +1 leather armour
rNeg   . . .     SustAt   .     (no shield)
rPois  +         Gourm    +     K - +2 helmet of the Zebra {-Cast rPois rF+++ Dex+2}
rElec  .         Spirit   .     (no cloak)
rCorr  .         Warding  .     (no gloves)
rMut   .         Stasis   .     (no boots)
MR     .....     NoCast   +     w - amulet of the gourmand
Stlth  ++........               x - ring of wizardry
                                p - +5 ring of evasion

@: lethally poisoned (0 -> -4), not resistant to hostile enchantments,
unstealthy
A: change form in water, swift swim
a: no special abilities


You were on level 4 of the Dungeon.
You were not hungry.

You visited 2 branches of the dungeon, and saw 6 of its levels.

You collected 283 gold pieces.

Inventory:

Hand weapons
 a - a +0 spear (weapon)
 u - a +0 hunting sling
 y - a +1 dagger of venom
 I - a +0 trident
 O - a +0 shortbow
Missiles
 e - 153 stones (quivered)
 f - 108 arrows
 g - 30 bolts
 L - 10 arrows of flame
Armour
 b - a +1 leather armour (worn)
 l - a +0 buckler
 z - a +0 helmet
 A - a +0 shield
 K - the +2 helmet of the Zebra (worn) {-Cast rPois rF+++ Dex+2}
   (You found it on level 4 of the Dungeon)

   It affects your dexterity (+2).
   It renders you almost immune to fire.
   It protects you from poison.
   It prevents spellcasting.
Jewellery
 p - a +5 ring of evasion (left hand)
 r - an uncursed amulet of rage
 w - an amulet of the gourmand (around neck)
 x - a ring of wizardry (right hand)
 G - an uncursed amulet of faith
Magical devices
 H - a wand of teleportation (3)
 M - a wand of disintegration (10)
Scrolls
 d - a scroll of enchant armour
 i - 2 scrolls of identify
 s - a scroll of remove curse
 B - 2 scrolls of immolation {unknown}
 C - 2 scrolls of amnesia {unknown}
 E - a scroll of noise {unknown}
 J - a scroll of enchant weapon {unknown}
Potions
 h - a potion of resistance {unknown}
 j - a potion of heal wounds {unknown}
 k - 3 potions of degeneration
 n - 3 potions of curing
 o - a potion of brilliance {unknown}
 t - a potion of invisibility {unknown}
 v - 2 potions of poison {unknown}
 D - 2 potions of mutation {unknown}
 F - 2 potions of might {unknown}
Books
 c - a book of Battle

   Spells                             Type                      Level
   a - Infusion                       Charms                       1
   b - Shroud of Golubria             Charms/Translocation         2
   c - Song of Slaying                Charms                       2
   d - Spectral Weapon                Hexes/Charms                 3
   e - Regeneration                   Charms/Necromancy            3
Comestibles
 m - 3 bread rations


   Skills:
 + Level 3.0 Fighting
 + Level 4.5 Polearms
 - Level 1.2 Throwing
 + Level 2.1 Armour
 + Level 2.8 Dodging
 - Level 1.2 Stealth
 + Level 3.2 Spellcasting
 + Level 4.8 Charms


You had 3 spell levels left.
You knew the following spells:

 Your Spells              Type           Power        Failure   Level  Hunger
a - Infusion              Chrm           ##....       1%          1    #......
b - Song of Slaying       Chrm           ##......     3%          2    ###....
c - Shroud of Golubria    Chrm/Tloc      #.........   9%          2    ###....
d - Regeneration          Chrm/Necr      #.........   16%         3    ###....


Dungeon Overview and Level Annotations

Branches:
Dungeon (5/15)             Temple (1/1) D:5

Altars:
Cheibriados
Dithmenos
Elyvilon
Fedhas
Makhleb
Okawaru
Qazlal
Sif Muna
Trog
Vehumet
Xom
Yredelemnul
Zin
The Shining One


Message History

You feel sick.
* * * LOW HITPOINT WARNING * * *
You feel sick.
You are no longer magically infusing your attacks.
* * * LOW HITPOINT WARNING * * *
You feel sick.
* * * LOW HITPOINT WARNING * * *
You feel sick.
* * * LOW HITPOINT WARNING * * *
You feel sick. The scorpion completely misses you.
There is an escape hatch in the ceiling here.
The scorpion stings you.
* * * LOW HITPOINT WARNING * * *
A mysterious force pulls you upwards. The hatch slams shut behind you.
* * * LOW HITPOINT WARNING * * *
You feel sick.
You hit the scorpion but do no damage.
The scorpion is lightly wounded.
The scorpion stings you.
You die...

............##############
###########..............# #
#..###########.# # #..# #.# #
######..#### #.#
######..........########.#####
..........)..................#
#####..###.###...#######.###.#
...........# #.s@........# #.#
######.....###.......##..# #.#
######..##.>..<..###.##.)# #.#
.............###.# #.....# #.#
.#####..####.# #.# ###...# #.#
.# ##..# #.###.# #...# #.# .#
#...####...#.# #...# #.# .#
##.#..........#####...###.# .#
#..)...####...#...........#


You could see a scorpion.

Vanquished Creatures
  A centaur (D:5)
  A giant frog zombie (D:5)
  A crimson imp (D:5)
  2 worker ants (D:4)
  An orc priest (D:4)
  A hound skeleton (D:4)
  Robin (D:2)
  2 adders
  2 oozes
  3 worms
  3 giant geckos
  5 orcs (D:4)
  12 bats
  A bat skeleton (D:4)
  4 giant cockroaches
  10 hobgoblins
  7 jackals
  9 kobolds
  A quokka (D:5)
  A ball python (D:4)
  A giant cockroach zombie (D:5)
  A giant gecko skeleton (D:4)
  3 giant newts
  21 goblins
  9 rats
103 creatures vanquished.

Notes
Turn   | Place    | Note
--------------------------------------------------------------
     0 | D:1      | mrath the Merfolk Skald began the quest for the Orb.
     0 | D:1      | Reached XP level 1. HP: 16/16 MP: 3/3
   424 | D:1      | Reached XP level 2. HP: 17/22 MP: 0/5
  1017 | D:1      | Reached XP level 3. HP: 23/28 MP: 6/6
  1207 | D:1      | Learned a level 2 spell: Song of Slaying
  1210 | D:1      | Learned a level 2 spell: Shroud of Golubria
  1245 | D:1      | Reached skill level 1 in Armour
  2072 | D:2      | Reached skill level 4 in Charms
  2178 | D:2      | Reached XP level 4. HP: 32/34 MP: 7/7
  2182 | D:2      | Noticed Robin
  2289 | D:2      | Killed Robin
  3707 | D:3      | Found a bloodstained altar of Trog.
  3960 | D:3      | Learned a level 3 spell: Regeneration
  4161 | D:4      | Reached skill level 1 in Throwing
  4161 | D:4      | Reached XP level 5. HP: 39/39 MP: 3/9
  4463 | D:4      | Reached skill level 1 in Stealth
  4929 | D:4      | Got a dazzling helmet
  5004 | D:3      | Identified the +2 helmet of the Zebra {-Cast rPois rF+++ Dex+2} (You found it on level 4 of the Dungeon)
  5373 | D:5      | Entered Level 5 of the Dungeon
  5375 | D:5      | Found a staircase to the Ecumenical Temple.
  5387 | Temple   | Entered the Ecumenical Temple
  5562 | D:5      | Noticed a centaur
  5595 | D:5      | Killed a centaur
  5595 | D:5      | Reached XP level 6. HP: 17/46 MP: 0/10
  5893 | D:5      | Found an iron altar of Okawaru.
  5898 | D:5      | Noticed an ogre
  6435 | D:5      | HP: 2/47 [scorpion (2)]
  6437 | D:4      | Slain by a scorpion

Vault maps used:
D:1:      dpeg_arrival_pond, corner_web_ring
D:2:      first_bread, uniq_robin
D:3:      lemuel_doored_altar
D:5:      lemuel_upstairs_altar, okawaru_trees_1, temple_pool_b
Temple:   circular_temple_12

Action                   |  1- 3 |  4- 6 || total
-------------------------+-------+-------++-------
Melee: Spear             |   132 |   278 ||   410
Throw: Stone             |    23 |    51 ||    74
 Cast: Infusion          |    20 |    30 ||    50
       Shroud of Golubri |       |     2 ||     2
  Use: Scroll            |       |     6 ||     6
 Stab: Distracted        |     1 |       ||     1
       Sleeping          |     1 |     1 ||     2
  Eat: Chunk             |     7 |     7 ||    14
       Bread ration      |       |     1 ||     1
       Fruit             |       |     4 ||     4
